[Event "Turkish Youth Teams U18 2024"]
[Site "Karaman"]
[Date "2024.04.23"]
[Round "5"]
[White "Gunaydin, Mehmet Emir"]
[Black "Bozdag, Armagan Emre"]
[Result "0-1"]
[ECO "B07"]
[WhiteElo "1688"]
[BlackElo "1716"]
[Annotator "NA RC COMBH"]
[PlyCount "128"]
[EventDate "2024.04.21"]
[EventType "team-tourn"]
[EventCountry "TUR"]
[SourceTitle "playchess.com"]
[Source "ChessBase"]
[SourceQuality "1"]
[TimeControl "5400+30"]

1. e4 c5 2. c3 d6 3. d4 Nf6 4. Bd3 g6 5. Nf3 cxd4 6. cxd4 Bg4 7. h3 Bxf3 8. Qxf3 Nc6 9. Be3 Bg7 10. O-O O-O 11. Nc3 Nd7 12. Ne2 Nde5 13. dxe5 Nxe5 14. Qg3 Nxd3 15. Bd4 Bxd4 16. Nxd4 Ne5 17. Rac1 Qd7 18. f4 Nc6 19. Nf3 Qe6 20. Ng5 Qf6 21. Qh4 Qg7 22. f5 h6 23. Nf3 g5 24. Qh5 Rac8 25. Nh2 Ne5 26. Qe2 a6 27. Kh1 Kh7 28. f6 exf6 29. Ng4 Nxg4 30. Qxg4 Rxc1 31. Rxc1 f5 32. Qxf5+ Kg8 33. Rd1 Qxb2 34. Rxd6 Kg7 35. Kh2 Re8 36. Rd7 Qe5+ 37. Qxe5+ Rxe5 38. Rxb7 Rxe4 39. Rb2 Ra4 40. Kg3 Ra3+ 41. Kf2 f5 42. Ke2 Kf6 43. Kd2 Ke5 44. Ke2 g4 45. hxg4 fxg4 46. Kf2 h5 47. Ke2 h4 48. Kf2 g3+ 49. Ke2 Kf4 50. Rb4+ Kg5 51. Rb2 a5 52. Rc2 Ra4 53. Kf3 Ra3+ 54. Ke2 Ra4 55. Kf3 Rf4+ 56. Ke3 Rf5 57. Rd2 a4 58. Rc2 h3 59. gxh3 Kh4 60. Rc8 g2 61. Rh8+ Kg3 62. Rg8+ Kh2 63. h4 g1=Q+ 64. Rxg1 Kxg1 0-1

[Event "Turkish Youth Teams U18 2024"]
[Site "Karaman"]
[Date "2024.04.23"]
[Round "5"]
[White "Aslan, Ela"]
[Black "Cetinavci, Irmak"]
[Result "1-0"]
[ECO "D35"]
[WhiteElo "1659"]
[BlackElo "1607"]
[Annotator "NA RC COMBH"]
[PlyCount "165"]
[EventDate "2024.04.21"]
[EventType "team-tourn"]
[EventCountry "TUR"]
[SourceTitle "playchess.com"]
[Source "ChessBase"]
[SourceQuality "1"]
[TimeControl "5400+30"]

1. d4 d5 2. c4 e6 3. Nc3 Nf6 4. cxd5 exd5 5. Bf4 Bd6 6. Bxd6 Qxd6 7. e3 c6 8. Rc1 Bf5 9. Qb3 Qe7 10. Nf3 O-O 11. Be2 Rc8 12. Ne5 Qc7 13. O-O Qb6 14. Qa3 Nbd7 15. f4 Ne4 16. Nxe4 dxe4 17. Nc4 Qd8 18. Nd6 Be6 19. Nxc8 Qxc8 20. Rfd1 Qd8 21. Qb4 Rb8 22. b3 Qh4 23. a4 Nf6 24. Rc2 Nd5 25. Qd2 Nf6 26. Bc4 Bg4 27. Rdc1 Bd7 28. d5 Ng4 29. h3 Nh6 30. dxc6 Bxc6 31. Rd1 Nf5 32. Qf2 Qf6 33. Rcd2 h5 34. Bd5 Bxd5 35. Rxd5 h4 36. Qd2 Kh7 37. Re5 Ng3 38. Rc5 Qb6 39. b4 Qe6 40. Qd5 Qg6 41. Qg5 Qxg5 42. fxg5 Kg6 43. Rd7 Nf5 44. Kf2 b6 45. Rcc7 Kxg5 46. Rxa7 f6 47. b5 Rc8 48. Rac7 Ra8 49. Rc4 Rb8 50. Rxe4 Rc8 51. Rg4+ Kh6 52. Rb7 Rc2+ 53. Kf3 Rc3 54. Re4 Rc1 55. Ke2 Rc2+ 56. Kd3 Rxg2 57. Rxb6 Rg3 58. a5 Rxh3 59. a6 Rh1 60. a7 Ra1 61. Ra6 Rd1+ 62. Kc3 Rc1+ 63. Kb2 Rc8 64. a8=Q Rxa8 65. Rxa8 Kg5 66. b6 Ng3 67. Rxh4 Kxh4 68. b7 Nf5 69. b8=Q Nxe3 70. Qf4+ Kh5 71. Rh8+ Kg6 72. Qxe3 f5 73. Rh3 Kf6 74. Rg3 g6 75. Qg5+ Ke5 76. Qxg6 f4 77. Rf3 Kd5 78. Rxf4 Ke5 79. Qf6+ Kd5 80. Rd4+ Kc5 81. Qd6+ Kb5 82. Rb4+ Ka5 83. Qb6# 1-0

[Event "Turkish Youth Teams U18 2024"]
[Site "Karaman"]
[Date "2024.04.23"]
[Round "5"]
[White "Nurdogan, Ilgin Destina"]
[Black "Aydin, Erem"]
[Result "1-0"]
[ECO "B40"]
[WhiteElo "1633"]
[BlackElo "1546"]
[Annotator "NA RC COMBH"]
[PlyCount "84"]
[EventDate "2024.04.21"]
[EventType "team-tourn"]
[EventCountry "TUR"]
[SourceTitle "playchess.com"]
[Source "ChessBase"]
[SourceQuality "1"]
[TimeControl "5400+30"]

1. e4 c5 2. Nf3 e6 3. g3 d6 4. Bg2 g6 5. O-O Bg7 6. d4 cxd4 7. Nxd4 a6 8. c4 Qc7 9. Qd3 Ne7 10. Rd1 O-O 11. Nc3 Rd8 12. Be3 Nbc6 13. f4 Nxd4 14. Bxd4 Bxd4+ 15. Qxd4 Nc6 16. Qe3 b6 17. e5 Rb8 18. exd6 Rxd6 19. Rxd6 Qxd6 20. Rd1 Qc7 21. Bxc6 Qxc6 22. Rd8+ Kg7 23. Qe5+ Kh6 24. Qxb8 Bb7 25. Kf2 Qg2+ 26. Ke3 Qg1+ 27. Kd2 Qxh2+ 28. Ne2 Bf3 29. Qe5 Bxe2 30. Qxe2 Qxg3 31. Qe3 Qg2+ 32. Kc3 Kg7 33. Qe5+ Kh6 34. Rd2 Qg1 35. Rd3 Qc1+ 36. Kb3 Qf1 37. Rc3 Qd1+ 38. Ka3 Qf1 39. Qf6 b5 40. cxb5 axb5 41. Qxf7 e5 42. Qf8+ Kh5 1-0

[Event "Turkish Youth Teams U18 2024"]
[Site "Karaman"]
[Date "2024.04.23"]
[Round "5"]
[White "Iyican, Sude"]
[Black "Engel, Ecrin Tuana"]
[Result "1-0"]
[ECO "A65"]
[WhiteElo "1562"]
[BlackElo "1619"]
[Annotator "NA RC COMBH"]
[PlyCount "65"]
[EventDate "2024.04.21"]
[EventType "team-tourn"]
[EventCountry "TUR"]
[SourceTitle "playchess.com"]
[Source "ChessBase"]
[SourceQuality "1"]
[TimeControl "5400+30"]

1. d4 Nf6 2. c4 c5 3. d5 e6 4. Nc3 exd5 5. cxd5 d6 6. e4 g6 7. Nge2 Bg7 8. Ng3 O-O 9. Bd3 a6 10. a4 Re8 11. O-O h5 12. Bg5 Qb6 13. Qd2 Ng4 14. a5 Qc7 15. f4 c4 16. Bc2 Qc5+ 17. Kh1 Qe3 18. f5 Qxd2 19. Bxd2 Be5 20. Rf3 Bd7 21. Raf1 h4 22. h3 Nh2 23. Kxh2 Bxg3+ 24. Kh1 gxf5 25. exf5 Bb5 26. Bf4 Be1 27. Bxd6 Bxc3 28. bxc3 Nd7 29. f6 Ne5 30. Rf5 Nd3 31. Rg5+ Kh7 32. Rg7+ Kh8 33. Rf5 1-0

[Event "Turkish Youth Teams U18 2024"]
[Site "Karaman"]
[Date "2024.04.23"]
[Round "5"]
[White "Cetinavci, Duru"]
[Black "Kilic, Melis"]
[Result "1-0"]
[ECO "B40"]
[WhiteElo "1449"]
[BlackElo "1455"]
[Annotator "NA RC COMBH"]
[PlyCount "65"]
[EventDate "2024.04.21"]
[EventType "team-tourn"]
[EventCountry "TUR"]
[SourceTitle "playchess.com"]
[Source "ChessBase"]
[SourceQuality "1"]
[TimeControl "5400+30"]

1. e4 c5 2. Nf3 e6 3. d4 cxd4 4. Nxd4 Nf6 5. Bd3 Nc6 6. Nxc6 bxc6 7. O-O d5 8. Nd2 Bd6 9. f4 dxe4 10. Nxe4 Be7 11. Qf3 O-O 12. Be3 Nd5 13. Bf2 Nb4 14. Rfd1 Qc7 15. Be2 Nxc2 16. Rac1 Nb4 17. a3 Nd5 18. g3 Bd7 19. Bd4 f6 20. Bd3 e5 21. Bc5 Bxc5+ 22. Nxc5 exf4 23. gxf4 Qb6 24. Kh1 Rad8 25. Nxd7 Rxd7 26. Qh3 g6 27. Qxd7 Nxf4 28. Qxc6 Qxb2 29. Qc4+ Rf7 30. Qxf4 Kg7 31. Bc4 Re7 32. Re1 Rxe1+ 33. Rxe1 1-0

[Event "Turkish Youth Teams U18 2024"]
[Site "Karaman"]
[Date "2024.04.23"]
[Round "6"]
[White "Tarhan, Adar"]
[Black "Ersoz, Teoman Guney"]
[Result "1-0"]
[ECO "B27"]
[WhiteElo "2446"]
[BlackElo "2123"]
[Annotator "TA"]
[PlyCount "57"]
[EventDate "2024.04.21"]
[EventType "team-tourn"]
[EventCountry "TUR"]
[SourceTitle "playchess.com"]
[Source "ChessBase"]
[SourceQuality "1"]
[TimeControl "5400+30"]

1. e4 c5 2. Nf3 g6 3. c3 d5 4. e5 Nc6 5. d4 Bg4 6. Bb5 Qb6 7. Bxc6+ bxc6 8. Nbd2 (8. dxc5 $14 Bxf3 9. Qxf3 Qxc5 10. O-O) 8... Qb5 ({Better is} 8... cxd4 $11 9. cxd4 h6) 9. dxc5 $14 Qxc5 10. O-O Bg7 11. Re1 Nh6 12. h3 Bxf3 13. Nxf3 O-O {Black is weak on the dark squares} 14. Nd4 Qc4 15. Bg5 f6 (15... e6 $16) 16. exf6 $18 exf6 17. Bxh6 Bxh6 18. Re7 ({White should try} 18. Qf3 $18) 18... Rfe8 19. Rc7 {White has more active pieces.} Rac8 (19... Re4 $16 20. g3 (20. Rxc6 $2 {perishes.} Rxd4 21. Qxd4 Qxc6 $19) (20. Nxc6 Kh8 $18) 20... Rae8) 20. Rxc8 Rxc8 21. Qe1 {[#] Hoping for Qe6+.} Rf8 22. Qe6+ Kh8 23. Qxc6 ({Don't play} 23. Nxc6 Qb5 24. Rb1 (24. Nxa7 Qxb2 25. Rd1 Qxa2 $16) 24... Qc4) 23... Qxc6 24. Nxc6 {KRB-KRN} Rc8 25. Nxa7 Rb8 26. a4 Rxb2 27. a5 Bd2 $2 (27... Bf8 28. Nc6 Rc2) 28. a6 {[#] Black must now prevent Nc6.} Bf4 29. Nc6 {Weighted Error Value: White=0.21 (precise) /Black=0.54.  Mistake:       	White=2     	Black=4      Inaccurate:     	White=2     	Black=4      OK:         	White=12    	Black=3      Best:        	---       	Black=1} 1-0

[Event "Turkish Youth Teams U18 2024"]
[Site "Karaman"]
[Date "2024.04.23"]
[Round "6"]
[White "Arslan, Muhammed Emin"]
[Black "Demirtas, Alper"]
[Result "0-1"]
[ECO "D37"]
[WhiteElo "2251"]
[BlackElo "2020"]
[Annotator "TA"]
[PlyCount "140"]
[EventDate "2024.04.21"]
[EventType "team-tourn"]
[EventCountry "TUR"]
[SourceTitle "playchess.com"]
[Source "ChessBase"]
[SourceQuality "1"]
[TimeControl "5400+30"]

1. c4 e6 2. Nc3 d5 3. d4 Nf6 4. Nf3 Be7 5. Bf4 b6 6. e3 O-O 7. Be2 dxc4 8. Bxc4 a6 9. O-O b5 {White has an edge.} 10. Bd3 Bb7 11. Qe2 Nbd7 12. Rfd1 c5 13. dxc5 Bxc5 14. h3 ({Better is} 14. Ne5 $14) 14... Qb6 $11 15. e4 Rfd8 16. a3 Rac8 17. Rac1 Qa7 18. e5 Nd5 19. Nxd5 Bxd5 20. Qc2 Nf8 21. Bg5 (21. Qe2 $1 $15) 21... Re8 (21... Bxa3 $1 $17 22. Qxc8 Rxc8 23. Rxc8 Bxb2) 22. Qd2 Ng6 23. Re1 Qb7 24. Qe2 Nf8 25. Be3 Be7 26. Bd4 Red8 27. Qe3 Rxc1 28. Rxc1 Bxf3 29. gxf3 Qd5 (29... Qd7 $5 30. Rd1 $8 Ng6 $11 (30... Qxd4 $2 31. Bxh7+ Kxh7 32. Rxd4 $18)) 30. Rd1 $1 {[#] Bb6 would now be deadly.} Ng6 (30... Qxd4 $2 31. Bxh7+ Kxh7 32. Rxd4 $18) 31. Bc2 (31. Bb6 $11 Rb8 32. f4) 31... Nh4 32. Be4 Qd7 $36 {[%mdl 2048] White must now prevent ...Bc5. Black has some pressure.} 33. Rd2 {[#]} Bc5 $1 34. Qf4 {[%cal Od4e3] Be3! is the strong threat.} (34. Qg5 Nxf3+) 34... Nxf3+ 35. Bxf3 Bxd4 36. Kg2 f6 (36... Qa7 $15 {should be considered.}) 37. exf6 gxf6 38. h4 ({White should play} 38. b4 $11) 38... Qg7+ (38... a5 $15) 39. Kh1 (39. Kh3 $11 Qd7 40. Bd1) 39... e5 $15 40. Qf5 Qh6 {[%csl LRd2,LRh4] aiming for ...e4.} 41. Qg4+ (41. Bb7 $15) 41... Kh8 $17 42. Rc2 Qg6 {Prevents Be4} 43. Rc8 Rxc8 (43... Qxg4 {simplifies} 44. Bxg4 Rxc8 45. Bxc8 a5) 44. Qxc8+ {[%mdl 4096] Endgame. KQB-KQB} Kg7 45. Qc7+ (45. Qd7+ $15 Qf7 46. Qf5) 45... Qf7 46. Qc2 Qc4 47. Qd2 (47. Qf5 $17) 47... Qf1+ $19 48. Kh2 Qxf2+ 49. Qxf2 Bxf2 {KB-KB} 50. h5 $2 (50. Bb7) 50... f5 51. Bd5 Kh6 52. Be6 Kg5 ({Weaker is} 52... Kxh5 53. Bxf5 Bd4 54. b3 $17) 53. Kg2 Bc5 54. b4 Bd4 55. Bc8 Bb2 (55... Kxh5 56. Bxf5 Bb2 57. Bc8 $17) 56. Bxa6 Bxa3 {Black mates.} 57. Bxb5 Bxb4 58. Bd7 e4 ({Stronger than} 58... Kxh5 59. Bxf5 Kh6 60. Bc8 $11) 59. Kf2 h6 ({Not} 59... Kxh5 60. Bxf5 Bc5+ 61. Kf1 $11) 60. Be8 Bc5+ 61. Kg2 Kf4 62. Bd7 Ke5 63. Bc8 f4 64. Bg4 Kd4 65. Bd7 Ke3 66. Bb5 f3+ 67. Kf1 Kf4 68. Bc4 e3 69. Bb5 Bb4 70. Bc4 Ke5 {Weighted Error Value: White=0.53/Black=0.17 (very precise) .  Mistake:       	White=9     	Black=3      Inaccurate:     	White=5     	Black=4      OK:         	White=11    	Black=17     Best:        	White=2     	Black=4      Strong:       	White=1     	---} 0-1

[Event "Turkish Youth Teams U18 2024"]
[Site "Karaman"]
[Date "2024.04.23"]
[Round "6"]
[White "Engin, Onur Cinar"]
[Black "Ince, Taylan Ruzgar"]
[Result "1/2-1/2"]
[ECO "B22"]
[WhiteElo "2101"]
[BlackElo "2258"]
[Annotator "TA"]
[PlyCount "144"]
[EventDate "2024.04.21"]
[EventType "team-tourn"]
[EventCountry "TUR"]
[SourceTitle "playchess.com"]
[Source "ChessBase"]
[SourceQuality "1"]
[TimeControl "5400+30"]

1. e4 c5 2. c3 d5 3. exd5 Qxd5 4. d4 Nf6 5. Nf3 Nc6 6. dxc5 Qxd1+ 7. Kxd1 Bf5 8. Be3 O-O-O+ 9. Nbd2 Nd5 10. Rc1 g6 11. Bb5 e5 {White is slightly better.} 12. Bxc6 bxc6 13. Nxe5 Nxe3+ 14. fxe3 Bxc5 15. Re1 (15. Nxc6 Bxe3 (15... Rd3 16. Nd4 $16) 16. Nd4 (16. Nxd8 $2 Rxd8 17. Ke2 Bxd2 $19) 16... Kc7 $15) 15... Rde8 16. Ndc4 (16. Nxf7 Rhf8 17. b4 Bg4+ 18. Nf3 (18. Kc2 $2 Rxf7 19. bxc5 Rf2 $19) 18... Bxf3+ (18... Bxe3 $2 19. Nd6+ Kc7 20. Nxe8+ Rxe8 21. Ra1 $18) 19. gxf3 Rxf7 (19... Bxe3 $2 20. Nd6+ Kd7 21. Nxe8 $18) 20. bxc5 Rxf3 $15) 16... Rd8+ 17. Nd2 {Excellent horsemanship.} Rde8 $1 18. Ndf3 {[%cal Oe3e4] White wants to play e4!} (18. Nxf7 Rhf8 19. b4 Rxf7 20. bxc5 Bg4+ 21. Nf3 (21. Kc2 Rf2 $17) 21... Bxf3+ 22. gxf3 Rxf3 $15) 18... f6 (18... Be4 $1 $11 {remains equal.}) 19. e4 $1 $16 (19. Nxc6 Bxe3 20. Ra1 Be4 21. Rxe3 Bxc6 $16) 19... Be6 (19... Bf2 $2 20. exf5 (20. Nxc6 Bxe1 21. Nxa7+ Kb7 $11) (20. Re2 Bxe4 21. Rxe4 fxe5 $18) 20... Bxe1 21. Nd3 $18 (21. Nxc6 Bf2 $11)) 20. Nxc6 Bxa2 21. Kc2 Bf7 22. Ncd4 Re7 23. e5 fxe5 24. Nc6 Rc7 25. Ncxe5 {White is more active.} (25. Nfxe5 Bd5 26. Na5 Bxg2 $11) 25... Bd5 26. Rcd1 Bb7 27. Nd3 $36 {[%mdl 2048] White fights for an advantage.} Bd6 28. Re6 Rd8 29. Nde5 Bxe5 30. Rxd8+ (30. Nxe5 Bd5 31. Rxd5 Rxd5 $17) 30... Kxd8 31. Rxe5 {[%mdl 4096] Endgame. KRB-KRN} Rf7 32. Re3 h6 33. Kd2 g5 34. Ne5 Rf6 35. g3 Kc7 36. b4 Ra6 37. Kd3 Rd6+ 38. Ke2 (38. Kc2 $18 {and White stays clearly on top.}) 38... Ra6 (38... a5 $142) 39. Kd3 Rd6+ $1 40. Kc2 Rf6 41. Re2 {Against Rf2} Re6 42. c4 h5 43. Kc3 Rf6 (43... h4 {was necessary.} 44. gxh4 gxh4) 44. Kd4 Rd6+ 45. Kc5 Rf6 46. Rd2 Bc8 47. b5 {Threatens to win with Nc6.} Rf5 48. Kd5 {Ra2 is the strong threat.} Bb7+ 49. Ke6 Bc8+ 50. Kd5 Bb7+ $1 51. Kd4 {And now Ra2 would win.} a6 52. bxa6 Bxa6 53. Ke4 Bc8 54. c5 Rf1 55. Kd5 Rf6 56. Rb2 Rf1 57. Rd2 Rf6 58. Rc2 Be6+ 59. Kd4 Rf1 60. Rd2 h4 61. gxh4 Rf4+ 62. Kc3 {[#] Rd6 would now be deadly.} Rxh4 63. Rd6 Bc8 64. Rc6+ Kb7 65. Rb6+ Kc7 66. Rg6 Rxh2 (66... Bb7 $11) 67. Rg7+ $14 ({Of course not} 67. Rxg5 Rh7 $11) 67... Kd8 68. c6 ({Much weaker is} 68. Rxg5 Bb7 $11) ({White should play} 68. Nc6+ $14 Ke8 69. Rg8+ (69. Rxg5 Bb7 $14) 69... Kd7 70. Ne5+ Ke6 71. Rxg5) 68... Be6 $11 {The position is equal.} 69. c7+ Kc8 70. Re7 Bf5 71. Rf7 Rc2+ 72. Kd4 Bh3 {Weighted Error Value: White=0.21 (precise) /Black=0.11 (very precise) .  Mistake:       	White=2     	Black=4      Inaccurate:     	White=5     	Black=4      OK:         	White=21    	Black=22     Best:        	White=6     	Black=7      Strong:       	White=1     	Black=3} 1/2-1/2

[Event "Turkish Youth Teams U18 2024"]
[Site "Karaman"]
[Date "2024.04.23"]
[Round "6"]
[White "Yalcinkaya, Efe"]
[Black "Oktem, Ege Tuna"]
[Result "1/2-1/2"]
[ECO "C06"]
[WhiteElo "2033"]
[BlackElo "2076"]
[Annotator "TA"]
[PlyCount "134"]
[EventDate "2024.04.21"]
[EventType "team-tourn"]
[EventCountry "TUR"]
[SourceTitle "playchess.com"]
[Source "ChessBase"]
[SourceQuality "1"]
[TimeControl "5400+30"]

1. e4 e6 2. d4 d5 3. Nd2 Be7 4. Ngf3 Nf6 5. e5 Nfd7 6. Bd3 c5 7. c3 Nc6 8. O-O a5 9. dxc5 {9.a4 is a critical line. C06: French Tarrasch: 3...Nf6 4 e5 Nfd7 5 Bd3 main lines.} Ndxe5 10. Bb5 $146 ({Predecessor:} 10. Nxe5 Nxe5 11. Bb5+ Bd7 12. Bxd7+ Qxd7 13. b4 axb4 14. cxb4 Qa4 15. Qe2 Nc6 16. Bb2 Qxb4 17. Bxg7 {1-0 Martinez Alcantara,J (2615)-Ramirez Alvarez,A (2573) Titled Tuesday intern op 01st Feb-B blitz 2022 (3)}) 10... Bd7 11. Nb3 a4 12. Nbd4 Bxc5 13. Bf4 Nxd4 14. Bxd7+ Nxd7 15. cxd4 Be7 16. Rc1 O-O 17. Bc7 Qe8 18. Qe2 Nb8 19. Ne5 Na6 20. Bb6 Bd6 21. Rc3 Qe7 22. Qb5 a3 23. bxa3 Bxa3 24. Ba5 Bb4 25. Bxb4 Nxb4 26. a4 Rfc8 (26... Nc6 $1 $17 27. Nxc6 bxc6 28. Rxc6 Qa7) 27. Rfc1 $11 Rxc3 28. Rxc3 f6 (28... h6 $15) 29. Nd7 $11 Nc6 $1 30. Qxb7 Rxa4 31. h3 Nd8 (31... Nxd4 $2 32. Rc8+ (32. Nxf6+ Kf7 $18) 32... Kf7 33. Rc7 $18) (31... Ra1+ $11 32. Kh2 Ra7 (32... Nxd4 $2 33. Rc8+ Kf7 34. Rc7 $18) 33. Nxf6+ Qxf6 34. Qxc6 h6) 32. Rc8 $16 Kf7 (32... Rxd4 $2 33. Ne5 Qf8 (33... Qxb7 34. Rxd8#) 34. Qd7 fxe5 35. Rxd8 $18) 33. Qb8 (33. Qc7 Ke8 34. Nc5 Qxc7 (34... Rxd4 $2 35. Qb6 $18) 35. Rxc7 Rxd4 36. Rxg7 Rd1+ 37. Kh2 d4 $11) ({White must play} 33. Qb6 $1 $16 Rb4 (33... Qxd7 $2 34. Rc7 $18) 34. Qxd8 Qxd8 35. Rxd8) 33... Rb4 $1 $11 34. Nb6 {[#]} (34. Qg3 $11 {remains equal.}) 34... Rb1+ (34... Ke8 $1 $17) 35. Kh2 $11 Qb4 $2 (35... Ke8 $1 $11 {and Black has nothing to worry.}) 36. Qc7+ $2 (36. Rxd8 $18 {White wants to mate with Rd7+.} Qxd4 37. Rd7+ Kg6 38. Qg3+ Kf5 39. Nc8) 36... Qe7 $14 37. Qg3 $1 (37. Qxd8 $2 Qxd8 38. Rxd8 Rxb6 39. Rd7+ Kf8 $17) 37... Rxb6 38. Rc7 Rb7 $1 39. Rxe7+ Rxe7 40. Qb8 Rd7 (40... Nc6 $6 41. Qb6 Na7 42. Qc5 $16) 41. Kg3 (41. f4 $14) 41... Ke7 42. Kf4 Nc6 43. Qg8 Kd6 44. Ke3 (44. Qxh7 $2 {loses.} g5+ (44... Nxd4 45. Ke3 $11) 45. Ke3 Rxh7 $19) 44... h6 45. f4 Ra7 46. Qf8+ Re7 $1 47. h4 Kd7 48. Qa8 Kd6 49. Qa3+ Kd7 50. Qa8 Kd6 51. Kd3 Ra7 52. Qf8+ Re7 53. h5 Kd7 54. Qa8 Kd6 55. Qa3+ Kd7 56. Qc5 f5 57. Kc3 Re8 58. Kd3 Rb8 59. Ke3 Rb3+ 60. Kf2 Rb8 61. Kg3 Rc8 62. Qb6 Rb8 63. Qc5 Rc8 64. Kh4 Ke8 {[#]} (64... Ne7 $11 65. Qb5+ Rc6) 65. g4 ({White should play} 65. Qd6 $1 $16) 65... fxg4 $11 66. f5 (66. Kxg4 $2 {too greedy.} Ne5+ 67. Kg3 Rxc5 $19) 66... Ne7 67. Qb5+ Kf7 1/2-1/2

[Event "Turkish Youth Teams U18 2024"]
[Site "Karaman"]
[Date "2024.04.23"]
[Round "6"]
[White "Yildiz, Serdar Murat"]
[Black "Camlar, Arda"]
[Result "0-1"]
[ECO "B40"]
[WhiteElo "2021"]
[BlackElo "2389"]
[Annotator "TA"]
[PlyCount "108"]
[EventDate "2024.04.21"]
[EventType "team-tourn"]
[EventCountry "TUR"]
[SourceTitle "playchess.com"]
[Source "ChessBase"]
[SourceQuality "1"]
[TimeControl "5400+30"]

1. e4 c5 2. Nf3 e6 3. d4 cxd4 4. Nxd4 Bc5 5. Nc3 Qb6 6. Be3 Nc6 7. Na4 Qa5+ 8. c3 Bxd4 9. Bxd4 Nxd4 {The position is equal.} 10. Qxd4 e5 11. Qb4 Qxb4 12. cxb4 Nf6 13. Nc3 d6 14. O-O-O Ke7 15. Bc4 Be6 16. Bxe6 fxe6 17. f3 g5 18. Rd3 Rhd8 19. Rhd1 Rd7 20. a3 h5 21. Kc2 Rad8 22. Re3 Kf7 23. Kb3 Kg6 24. a4 h4 25. a5 g4 26. Rf1 gxf3 27. Rexf3 Nh5 28. Na4 Nf4 29. R1f2 {Prevents Ne2} Kh5 30. g3 (30. Re3 $11) 30... Nh3 $15 31. Rf1 Ng5 32. Re3 h3 33. Nc3 Kg4 (33... Rf7 $17 34. Rxf7 Nxf7) 34. Nd1 Kh5 (34... Rh7 $15) 35. Rf6 (35. Nc3 $11) 35... Rh8 36. Nf2 Rhh7 37. Kc2 (37. Kc4 $17) 37... Rdf7 $19 38. Rxf7 Rxf7 {[%mdl 4096] Endgame. KRN-KRN} 39. Re2 Kg6 (39... Nf3 $1 $19 {[%cal Rf3d4] is more deadly. And now ...Nd4+ would win.} 40. Kb1 Nxh2 41. Nxh3 Nf1) 40. b5 {[#]} (40. Kd1 $17 {is a better defense.}) 40... Nf3 $1 41. Kc3 Rh7 42. Ng4 Rc7+ 43. Kb4 (43. Kd3 $17) 43... Nd4 44. Rd2 Kg5 45. Nf2 Rh7 (45... b6 $19 {has better winning chances.} 46. axb6 (46. Nxh3+ $2 Kg4 $17) 46... axb6) 46. b6 $17 axb6 47. axb6 d5 48. Rd3 {[#]} Rf7 (48... Rh8 $1 $17) 49. Rd2 $11 Rf8 50. Nxh3+ $2 {[%mdl 8192] Now White is beyond hope.} (50. exd5 $1 $11 {and White stays safe.} exd5 51. Nxh3+ Kg6 52. Nf2 (52. Nf4+ $2 exf4 53. gxf4 Rxf4 $19)) 50... Kg4 $19 51. Nf2+ Kf3 {Hoping for ...Ke3.} 52. Nd3 $2 (52. Nd1 Kxe4 53. h4) 52... Ke3 {Black is clearly winning.} (52... dxe4 $2 {is the wrong capture.} 53. Nxe5+ Ke3 54. Nc4+ Kf3 55. Rxd4 $18) ({Weaker is} 52... Kxe4 53. Rd1 $17) 53. Rd1 Ke2 (53... dxe4 54. Nxe5 Rd8 55. Re1+ Ne2 56. Rf1 $11) 54. Re1+ Kxd3 {Weighted Error Value: White=0.48/Black=0.13 (very precise) .  Loses game:     	White=1     	---        Mistake:       	White=6     	Black=5      Inaccurate:     	White=4     	Black=1      OK:         	White=12    	Black=19     Best:        	White=1     	Black=7} 0-1

[Event "Turkish Youth Teams U18 2024"]
[Site "Karaman"]
[Date "2024.04.23"]
[Round "6"]
[White "Orhon, Bora"]
[Black "Portakalci, Yusuf"]
[Result "1/2-1/2"]
[ECO "C02"]
[WhiteElo "1997"]
[BlackElo "2038"]
[Annotator "TA"]
[PlyCount "75"]
[EventDate "2024.04.21"]
[EventType "team-tourn"]
[EventCountry "TUR"]
[SourceTitle "playchess.com"]
[Source "ChessBase"]
[SourceQuality "1"]
[TimeControl "5400+30"]

1. e4 e6 2. d4 d5 3. e5 c5 4. c3 Nc6 5. Nf3 Qb6 6. Na3 cxd4 7. cxd4 Bb4+ 8. Bd2 Nge7 9. Nc2 Bxd2+ {Black is slightly better.} 10. Qxd2 Qxb2 11. Bd3 Qb6 12. O-O h6 {Against Qg5} 13. Rab1 $1 Qa5 14. Qe3 O-O 15. Nh4 Nf5 16. Nxf5 exf5 17. f4 Qd8 18. Rf3 b6 19. Qe2 Be6 20. Rh3 (20. Ba6 $11 {might be stronger.}) 20... Qd7 21. Bb5 (21. Ba6 $11) 21... Rfc8 $15 22. Rh5 Kh7 23. Qf2 g6 24. Rh3 Qe7 {Against Nb4} 25. Bd3 Rc7 26. Kh1 Rac8 27. a3 {Dodges Nb4} (27. Qe1 $17) 27... Na5 $19 28. g4 (28. Kg1 $142) 28... fxg4 29. Rg3 Bf5 30. Bxf5 gxf5 31. Ne3 Rc1+ (31... Qxa3 32. Nxg4 Rc1+ 33. Rxc1 (33. Kg2 R1c3 $11) 33... Qxc1+ 34. Rg1 fxg4 35. Rxc1 Rxc1+ 36. Kg2 $16) 32. Rxc1 Rxc1+ 33. Kg2 {[#]} Qc7 (33... Qxa3 $2 34. Nxg4 (34. Nxd5 $2 Qa4 $19) 34... Qf8 35. Nf6+ Kh8 36. Qe2 $18 (36. Nxd5 Qa8 $18)) ({Better is} 33... Nc4 $1 $19 {aiming for ...Qc7.} 34. Nxf5 Qe6) 34. h3 $2 {[%mdl 8192] White does not recover from this.} (34. Qd2 $17 Rc3 35. Qd1) 34... h5 (34... Nc4 $142 35. Nf1 (35. Nxd5 $2 {is the wrong capture.} Qc6 $19) (35. Nxf5 $2 {loses.} Nxe5 36. Ne3 gxh3+ 37. Kh2 Nd3 $19) 35... Nb2 36. hxg4 Rc2) 35. h4 $2 (35. hxg4 fxg4 36. Kh2) 35... Qc8 (35... Qd7 $2 36. Qd2 Qc8 37. Kh2 $19) 36. Kh2 $2 (36. Qb2 {was necessary.}) 36... Qe6 $2 (36... Nc4 {White must now prevent ...Nxe3.} 37. Ng2 Rd1) 37. Rg2 $2 {[#]} (37. Qb2 Rc8 38. Ng2) 37... Qh6 $2 (37... Nc4 $19 {and Black stays clearly on top.} 38. Rg3 Qc6 (38... Nxa3 39. Qb2 $11)) 38. Nxf5 {Weighted Error Value: White=0.69/Black=0.69.  Loses game:     	White=1     	---        Missed win:     	---       	Black=1      Mistake:       	White=7     	Black=2      Inaccurate:     	White=4     	Black=4      OK:         	White=7     	Black=9      Best:        	White=3     	Black=4      Strong:       	White=1     	---} 1/2-1/2